AoeStats
← miguelon01

Pilgrims

507167374Analyzed
4v4 RM · 16d ago on Sep 16, 2026· 22m 41s· 8 players
Game mode
Random Map
Map size
Large (8 player)
Population
200
Speed
Normal
Resources
Standard
Victory
Conquest
Starting age
Dark Age
Ending age
Imperial Age
RankedLock teamsTeams togetherTeam positionsShared explorationLock speedFull tech treeHidden civsTurbo modeCheats
Victory
Defeat
🇲🇴 Italians · Macao SAR China
1227
+14
🇨🇳 Britons · China
1176
+16
🇲🇽 Byzantines · Mexico
1107
+20
🇦🇺 Huns · Australia
1052
+22
🇵🇪 Celts · Peru
1197
-18
🇦🇷 Vietnamese · Argentina
1180
-18
🇦🇷 Magyars · Argentina
1173
-18
🇧🇷 Persians · Brazil
1172
-18
Jimmy Jay
4:30 Loom
13:32 Feudal Age
19:37 Castle Age
ChichitaD'Jora
5:05 Loom
12:04 Feudal Age
18:10 Castle Age
15:42 Man-at-Arms
16:17 Fishing Lines
17:13 Arson
Gederico
9:35 Loom
12:31 Feudal Age
17:26 Castle Age
15:24 Arson
16:05 Gold Mining
16:27 Double-Bit Axe
17:02 Scale Mail Armor
17:09 Fishing Lines
18:39 Chain Mail Armor
19:36 Squires
22:48 Wheelbarrow
miguelon01
15:30 Feudal Age
Gonnar
8:41 Loom
10:47 Feudal Age
20:12 Castle Age
19:34 Fletching
19:44 Padded Archer Armor
19:35 Fishing Lines
21:12 Gillnets
22:25 Elite Skirmisher
only play blackforest map
4:26 Loom
11:06 Feudal Age
18:55 Wheelbarrow
21:06 Castle Age
19:56 Double-Bit Axe
21:08 Horse Collar
Barbaren
4:35 Loom
10:16 Feudal Age
11:40 Double-Bit Axe
12:28 Fishing Lines
16:54 Castle Age
15:41 Fletching
16:12 Stone Mining
17:23 Gold Mining
18:34 Crossbowman
20:33 Bodkin Arrow
22:24 Gillnets
zymini
5:26 Loom
10:57 Feudal Age
15:01 Castle Age
13:13 Double-Bit Axe
16:14 Fletching
19:15 Bodkin Arrow
22:45 Horse Collar
Connection lost

Rejoining the realm…

Still unreachable

The connection could not be restored.

Session expired

The server has moved on; the page needs a fresh start.